 Dungeon Crawl Stone Soup version 0.31-a0-175-g9f7f995f2b (webtiles) character file.

Game seed: 8696679498879693261

81 qw the Shooter (level 4, -4/27 HPs)
             Began as a Gargoyle Hunter on June 17, 2023.
             Slain by Sigmund
             ... wielding a +0 scythe of freezing
              (9 damage)
             ... on level 3 of the Dungeon.
             The game lasted 00:00:31 (1258 turns).

qw the Shooter (Gargoyle Hunter)                    Turns: 1258, Time: 00:00:32

Health: -4/27      AC: 10    Str: 14    XL:     4   Next: 42%
Magic:  4/4        EV: 11    Int: 10    God:
Gold:   56         SH:  5    Dex: 15    Spells: 3/3 levels left

rFire   . . .        Y - +1 shortbow
rCold   + . .        (shield currently unavailable)
rNeg    + . .        i - +0 ring mail
rPois   inf          (no helmet)
rElec   +            k - +0 cloak
rCorr   .            (no gloves)
SInv    .            (no boots)
Will    .....        d - amulet of reflection
Stlth   +            h - ring of protection from cold
HPRegen 0.24/turn    (no ring)
MPRegen 0.09/turn

%: reflection
@: no status effects
A: sickness immunity, AC +3, negative energy resistance 1, electricity
resistance, torment resistance 1, petrification resistance
a: no special abilities


You were on level 3 of the Dungeon.
You visited 1 branch of the dungeon, and saw 3 of its levels.

You collected 56 gold pieces.


Innate Abilities, Weirdness & Mutations

You are immune to sickness and miasma.
Your stone body is resilient. (AC +3)
You are immune to poison.
You resist negative energy. (rN+)
You are resistant to electric shocks. (rElec)
You are resistant to unholy torment.
You are immune to petrification.


   Skills:
 + Level 2.9 Fighting
 - Level 5.0 Ranged Weapons
 - Level 2.1 Armour
 - Level 1.5 Dodging
 - Level 1.1 Stealth


You had 3 spell levels left.
You didn't know any spells.
Your spell library was empty.

Inventory:

Hand Weapons
 Y - a +1 shortbow (weapon)
Armour
 i - a +0 ring mail (worn)
 k - a +0 cloak (worn)
Jewellery
 d - an amulet of reflection (around neck)
 h - a ring of protection from cold (left hand)
Scrolls
 a - a scroll of identify
Potions
 e - a potion of might
 f - a potion of attraction {unknown}
 g - a potion of resistance
 j - a potion of brilliance {unknown}

Dungeon Overview and Level Annotations

Branches:
Dungeon (3/15)

Altars:

Annotations:
D:3 Sigmund, Terence


Message History

Sigmund gestures at you while chanting. You resist with some effort.
Terence says, "How do you enjoy it?"
You shoot an arrow.
The arrow hits Terence but does no damage.
Terence hits you but does no damage.
You shoot an arrow. The arrow hits Terence.
Terence is moderately wounded.
Sigmund hits you from afar with a +0 scythe of freezing.
Terence closely misses you.
You shoot an arrow. The arrow hits Terence.
Terence is moderately wounded.
Terence hits you but does no damage.
Sigmund hits you from afar with a +0 scythe of freezing.
Sigmund freezes you.
You shoot an arrow.
The arrow hits Terence but does no damage.
Terence is moderately wounded.
Terence hits you but does no damage.
You shoot an arrow.
The arrow hits Terence but does no damage.
Terence is moderately wounded.
Terence completely misses you.
Sigmund mumbles some strange words.
Sigmund flickers and vanishes!
Deactivating autopickup; reactivate with Ctrl-A.
Terence hits you but does no damage. Something completely misses you.
You shoot an arrow. The arrow barely misses Terence.
Terence barely misses you.
You shoot an arrow. The arrow barely misses Terence.
Something hits you! Something freezes you. Terence hits you with a +0 flail.
You shoot an arrow. The arrow hits Terence.
Terence is heavily wounded.
You block Terence's attack. Something hits you but does no damage.
You shoot an arrow. The arrow hits Terence.
Terence is heavily wounded.
Terence hits you with a +0 flail. Something hits you but does no damage.
You shoot an arrow. The arrow closely misses Terence.
Terence hits you but does no damage. Something hits you!
You die...

#.#.......# #.#.#
#.........###.#.# ..
#...............# .
#####.#.###.### .
#...#...###.#.. .#
#.......#...#.###.#.#
###<###.#.#.#.#.....
#.# #.#.#.#...# #.#
#.#.....@.# #.#
#.......#@.....#
..........#.#{.....#
###.#####.#.#......#
. #.#.#.#.####
..#.#.#.# ###.#.# .
..#.# ##


You could see Terence.

Vanquished Creatures
  An orc priest (D:2)
  An adder (D:2)
  2 orcs (D:2)
  5 ball pythons
  4 endoplasms (D:1)
  6 giant cockroaches
  4 goblins
  4 hobgoblins
  3 jackals (D:1)
  3 bats
  3 frilled lizards (D:1)
  4 kobolds (D:1)
40 creatures vanquished.

Notes
Turn   | Place    | Note
-------+----------+-------------------------------------------
     0 | D:1      | qw the Gargoyle Hunter began the quest for the Orb.
     0 | D:1      | Reached XP level 1. HP: 12/12 MP: 1/1
     0 | D:1      | 0 ||| qw: Version: 0.3-a-2-g5ab2908
     0 | D:1      | 0 ||| qw: Game counter: 249
     0 | D:1      | 0 ||| qw: Always use a shield: true
     0 | D:1      | 0 ||| qw: God list: Okawaru
     0 | D:1      | 0 ||| qw: Allow faded altars: false
     0 | D:1      | 0 ||| qw: Do Orc after D:15 true
     0 | D:1      | 0 ||| qw: Do second Lair branch before Depths: true
     0 | D:1      | 0 ||| qw: Lair rune preference: random
     0 | D:1      | 0 ||| qw: Plans: Normal, Zot:1-4, Slime:5, God:TSO, Crypt,
                  | Tomb, Abyss, Pan, Hells, Win
     0 | D:1      | 0 ||| PLANNING D:1-11
    53 | D:1      | Reached XP level 2. HP: 17/17 MP: 2/2
   113 | D:1      | Found Zinkampepp's Weapon Boutique.
   188 | D:1      | Reached XP level 3. HP: 21/21 MP: 3/3
   212 | D:1      | Reached skill level 5 in Ranged Weapons
   420 | D:1      | 420 ||| UPGRADING to +0 ring mail.
   430 | D:1      | 430 ||| DROPPING +0 leather armour.
   431 | D:1      | 431 ||| UPGRADING to +0 cloak.
   436 | D:1      | 436 ||| UPGRADING to amulet of reflection.
   441 | D:1      | 441 ||| UPGRADING to ring of protection from cold.
   442 | D:1      | 442 ||| READING 2 scrolls labelled HAUSCH DEME.
   443 | D:1      | 443 ||| READING scroll labelled MESSAU DIAPS.
   444 | D:1      | 444 ||| DROPPING scroll of butterflies.
   567 | D:2      | Reached XP level 4. HP: 17/27 MP: 4/4
  1181 | D:2      | 1181 ||| READING scroll labelled ENKOOQ ODWULY.
  1182 | D:2      | 1182 ||| READING scroll labelled SIECVIG OFEAL.
  1183 | D:2      | 1183 ||| READING scroll labelled UTSUFI QAITSIE.
  1184 | D:2      | 1184 ||| DRINKING 2 fuming brown potions.
  1185 | D:2      | 1185 ||| READING 2 scrolls of identify.
  1185 | D:2      | 1185 ||| IDENTIFYING grey potion
  1246 | D:3      | Noticed Terence
  1248 | D:3      | Noticed Sigmund
  1257 | D:3      | HP: 5/27 [Terence/+0 flail (3)]
  1258 | D:3      | Slain by Sigmund

Levels and vault maps discovered:
D:1:      sevenhm_arrival_forest_fort_small_6, layout_rooms, serial_shops, shop
D:2:      layout_basic
D:3:      layout_basic, led_sif_book, grunt_temple_overflow_holy_war,
          chequers_serial_rivers_room_a, chequers_serial_rivers_small_a,
          uniq_crazy_yiuf_cottage, uniq_sigmund, uniq_terence

Skill      XL: |  1  2  3 |
---------------+----------+-----
Ranged Weapons | 5 |  5.0
Armour         | 2 |  2.1
Fighting       | |  2.9
Dodging        | |  1.5
Stealth        | |  1.1

Action                     |  1- 3 |  4- 6 || total
---------------------------+-------+-------++-------
   Fire: Shortbow          |    84 |    43 ||   127
    Use: Scroll            |     2 |     4 ||     6
         Potion            |       |     1 ||     1
 Armour: Leather armour    |     4 |       ||     4
         Ring mail         |     1 |    14 ||    15
  Dodge: Dodged            |    16 |    14 ||    30
  Block: Other             |     2 |     4 ||     6
         Reflection        |       |     1 ||     1

Table legend:
 A = Non-vault XP
 B = Vault XP
 C = Vault XP percentage of total XP
 D = Non-vault monster count
 E = Vault monster count
 F = Vault count percentage of total count
                 A         B        C        D         E       F
            +---------+---------+-------+---------+---------+-------
      Total |     117 |       0 |   0.0 |      40 |       0 |   0.0
            +---------+---------+-------+---------+---------+-------
        D:1 |      45 |       0 |   0.0 |      28 |       0 |   0.0
        D:2 |      71 |       0 |   0.0 |      11 |       0 |   0.0
        D:3 |       1 |       0 |   0.0 |       1 |       0 |   0.0
            +---------+---------+-------+---------+---------+-------
